 Dungeon Crawl Stone Soup version 0.20.1-1-g8b1a95d (webtiles) character file.

30 Internecine the Vexing (level 3, -2/26 HPs)
             Began as a Merfolk Arcane Marksman on Oct 1, 2017.
             Slain by a hobgoblin (3 damage)
             ... led by Robin
             ... on level 2 of the Dungeon.
             The game lasted 00:09:21 (1206 turns).

Internecine the Vexing (Merfolk Arcane Marksman)    Turns: 1206, Time: 00:09:21

Health: -2/26      AC:  2    Str: 10    XL:     3   Next: 20%
Magic:  4/4        EV: 13    Int: 12    God:
Gold:   71         SH:  0    Dex: 15    Spells: 3/4 levels left

rFire    . . .     SeeInvis .   a - +0 hand crossbow
rCold    . . .     Gourm    .   (no shield)
rNeg     . . .     Faith    .   e - +0 robe
rPois    .         Spirit   .   (no helmet)
rElec    .         Reflect  .   (no cloak)
rCorr    .         Harm     .   (no gloves)
MR       .....                  (no boots)
Stlth    +.........             (no amulet)
Regen    0.1/turn               g - ring of wizardry
MPRegen  0.1/turn               (no ring)

@: no status effects
A: change form in water, swift swim, stealthy swim
a: no special abilities


You were on level 2 of the Dungeon.
You were hungry.

You visited 1 branch of the dungeon, and saw 2 of its levels.

You collected 71 gold pieces.

Inventory:

Hand Weapons
 a - a +0 hand crossbow (weapon)
Missiles
 d - 27 bolts (quivered)
 k - 26 sling bullets
 m - 13 stones
Armour
 e - a +0 robe (worn)
Jewellery
 g - a ring of wizardry (left hand)
Scrolls
 b - 5 scrolls of identify {unknown}
 i - a scroll of amnesia {unknown}
 l - a scroll of noise {unknown}
Potions
 j - a potion of flight {unknown}
Books
 c - a book of Debilitation

   Spells                             Type                      Level
   a - Corona                         Hexes                        1
   b - Slow                           Hexes                        2
   c - Inner Flame                    Hexes/Fire                   3
   d - Portal Projectile              Hexes/Translocation          3
   e - Cause Fear                     Hexes                        4
   f - Leda's Liquefaction            Hexes/Earth                  4
Comestibles
 f - 2 bread rations
 h - 3 chunks of flesh


   Skills:
 + Level 1.1 Fighting
 + Level 2.1 Crossbows
 + Level 2.9 Dodging
 + Level 0.2 Stealth
 + Level 1.0 Spellcasting
 + Level 3.6 Hexes


You had 3 spell levels left.
You knew the following spells:

 Your Spells              Type           Power        Failure   Level  Hunger
a - Corona                Hex            #......      2%          1    ##.....


Dungeon Overview and Level Annotations

Branches:
Dungeon (2/15)

Altars:
Dithmenos

Annotations:
D:2 Robin


Message History

Firing (i - inventory. (,) - cycle):
d - 29 bolts (quivered)
Press: ? - help, Shift-Dir - straight line, f/p - goblin
Aim: a goblin (unusually strong)
You shoot a bolt. The goblin shouts!
The bolt hits the goblin!
You kill the goblin!
The goblin no longer looks unusually strong. x2
The hobgoblin completely misses you. Robin throws the goblin at you!
* * * LOW HITPOINT WARNING * * *
The goblin hits you with a dagger.
* * * LOW HITPOINT WARNING * * *
Firing (i - inventory. (,) - cycle):
d - 28 bolts (quivered)
Press: ? - help, Shift-Dir - straight line, f - goblin
Aim: a goblin, wielding a dagger You shoot a bolt.
The bolt hits the goblin but does no damage.
The goblin no longer looks unusually strong. x2
The hobgoblin hits you.
You die...

####.# #.# #..# .(###.. #.#
..###..#..# #######.#
##...##(gg..##. #.......#
#.......g...... ###.####### #..
.........# ........#
#.####..._...##
.##.....###########g.##.........#
..+.....^(.....g@gg.g.g..........
.##.....############.g.##?..(.##.
###.....############..###..#..#
..'.....'..........)<.# ..## ..#
###.....############......# ...
####### ######..# .. #... . #..


You could see Robin, a hobgoblin and 5 goblins.

Vanquished Creatures
  An adder (D:2)
  4 bats
  A giant cockroach (D:2)
  5 goblins
  A hobgoblin (D:2)
  2 kobolds (D:1)
  A ball python (D:1)
  2 frilled lizards (D:1)
  3 rats (D:1)
20 creatures vanquished.

Notes
Turn   | Place    | Note
-------+----------+-------------------------------------------
     0 | D:1      | Internecine the Merfolk Arcane Marksman began the quest for the Orb.
     0 | D:1      | Reached XP level 1. HP: 15/15 MP: 2/2
   702 | D:1      | Reached XP level 2. HP: 21/21 MP: 3/3
   822 | D:2      | Found a shadowy altar of Dithmenos.
  1011 | D:2      | Reached XP level 3. HP: 26/26 MP: 4/4
  1190 | D:2      | Noticed Robin
  1205 | D:2      | HP: 1/26 [goblin/dagger[Robin] (1)]
  1206 | D:2      | Slain by a hobgoblin

Skill      XL: |  1  2 |
---------------+-------+-----
Crossbows      | 2 |  2.1
Fighting       | |  1.1
Dodging        | |  2.9
Stealth        | |  0.2
Spellcasting   | |  1.0
Hexes          | |  3.6

Action                   || total
-------------------------++-------
 Fire: Hand crossbow     ||    38
Armor: Robe              ||     1
Dodge: Dodged            ||    19
